[Event "Vaujany 2022 Accession"]
[Site "Vaujany"]
[Date "2022.07.15"]
[Round "2.1"]
[White "Deneyer, Frank"]
[Black "Jaulin, Vincent"]
[Result "1-0"]
[ECO "B07"]
[WhiteElo "1828"]
[BlackElo "1626"]
[Annotator "Jean-Pierre,Lees"]
[PlyCount "141"]
[EventDate "2022.07.14"]
[EventType "swiss"]
[EventCountry "FRA"]
[SourceVersionDate "2022.07.17"]
[TimeControl "240+2"]

{1024MB, Fritz8.ctg} 1. e4 d6 2. d4 Nf6 3. Nc3 e5 (3... g6) 4. h3 (4. Nf3 Nbd7
5. Bc4 Be7 6. O-O O-O) 4... Nbd7 5. Be3 Be7 6. Bd3 c6 7. Nf3 Qc7 8. O-O O-O 9.
b3 b5 10. Ne2 exd4 11. Bxd4 c5 12. Bxf6 Bxf6 13. e5 Nxe5 14. Nxe5 Bxe5 15. Be4
Bb7 16. Bxb7 Qxb7 17. Rb1 Qc6 18. f4 Bf6 19. Rf3 b4 20. Qd3 Rfe8 21. Rbf1 Qe4
22. Qxe4 Rxe4 23. Ng3 Re6 24. Kh2 a5 25. Rd3 Rd8 26. Rfd1 g6 27. f5 gxf5 28.
Nxf5 Re2 29. Kg1 (29. Rxd6 $4 Be5+) (29. Nxd6 Be5+ 30. Kh1 Rxc2 31. g4 Bxd6 32.
Rxd6 Rxd6 33. Rxd6 Rxa2 $19) 29... d5 30. Rf1 (30. Rxd5 Rxd5 31. Rxd5 Rxc2)
30... Kf8 31. Kh1 Rd7 (31... c4 32. Rg3 Rd7 33. Nh6 Bg7 34. Nf5 Bc3 35. Nh6 f6)
32. Rg3 Be5 33. Re3 Rxe3 34. Nxe3 Ke7 35. g4 Ke6 36. Kg2 f6 37. Re1 Rg7 38. Rd1
h5 39. Kf3 hxg4+ 40. Nxg4 Rh7 41. Rh1 c4 42. h4 f5 43. Ne3 cxb3 44. cxb3 Bd4
45. Nc2 Bf6 46. h5 Rc7 47. Ne1 Bg5 48. Ke2 d4 49. h6 Rh7 50. Nf3 Be3 51. Kd3
Kd5 52. Rh5 Rxh6 53. Rxf5+ Kc6 54. Rxa5 Rd6 55. Ra6+ Kd5 56. Rxd6+ Kxd6 57.
Nxd4 Bf2 58. Kc4 Kc7 59. Nc2 Kb6 60. Nxb4 Bc5 61. Nd5+ Kc6 62. b4 Bd6 63. a4
Bf8 64. b5+ Kb7 65. a5 Bd6 66. Nb4 Be7 67. b6 Bd6 68. Kb5 Bf8 69. a6+ Ka8 70.
Nc6 Bd6 71. b7# 1-0

[Event "Vaujany 2022 Accession"]
[Site "Vaujany"]
[Date "2022.07.15"]
[Round "2.2"]
[White "De Muyser, Xavier"]
[Black "Frelau, Matthias"]
[Result "0-1"]
[ECO "E65"]
[WhiteElo "1593"]
[BlackElo "1786"]
[Annotator "Jean-Pierre,Lees"]
[PlyCount "110"]
[EventDate "2022.07.14"]
[EventType "swiss"]
[EventCountry "FRA"]
[SourceVersionDate "2022.07.17"]
[TimeControl "240+2"]

{1024MB, Fritz8.ctg} 1. c4 Nf6 2. g3 g6 3. Bg2 c5 4. Nc3 Bg7 5. Nf3 O-O 6. d4
cxd4 7. Nxd4 d6 8. O-O a6 9. h3 Qc7 10. Nd5 Nxd5 11. cxd5 Qb6 12. Nb3 Nd7 13.
Be3 Qb4 14. Bd4 Ne5 15. f4 Nc4 16. Bxg7 Kxg7 17. Qd4+ Kg8 18. Rfc1 b5 19. Rc2
a5 20. Nd2 Nxd2 21. Qxb4 axb4 22. Rxd2 Bd7 23. b3 Rfc8 24. Kf2 Rc3 25. Rad1 Kf8
26. Be4 h5 27. h4 Bf5 28. Bxf5 gxf5 29. Rd4 Rxa2 30. Rxb4 Rcc2 31. Rxb5 Rxe2+
32. Kf3 Rf2+ 33. Ke3 Rg2 34. Rb8+ Kg7 35. Kf3 Raf2+ 36. Ke3 Re2+ 37. Kd3 Ra2
38. Re1 Kf6 39. Re3 Rac2 40. Kd4 Rc5 41. b4 Rd2+ 42. Rd3 Rxd5+ 43. Kxd5 Rxd3+
44. Kc6 Rxg3 45. Rh8 Rc3+ 46. Kb6 Rc4 47. b5 Rxf4 48. Rxh5 Rb4 49. Ka5 Rb2 50.
b6 f4 51. Rg5 e5 52. Ka6 f3 53. Rg3 e4 54. Rg4 f2 55. Rf4+ Kg6 0-1

[Event "Vaujany 2022 Accession"]
[Site "Vaujany"]
[Date "2022.07.15"]
[Round "2.4"]
[White "Azou, Jorre"]
[Black "Weisz, Jacques"]
[Result "1/2-1/2"]
[ECO "C01"]
[WhiteElo "1552"]
[BlackElo "1722"]
[Annotator "Jean-Pierre,Lees"]
[PlyCount "82"]
[EventDate "2022.07.14"]
[EventType "swiss"]
[EventCountry "FRA"]
[SourceVersionDate "2022.07.17"]
[TimeControl "240+2"]

{1024MB, Fritz8.ctg} 1. e4 e6 2. d4 d5 3. exd5 exd5 4. Bd3 Nc6 5. c3 Bd6 6. Ne2
h6 7. O-O Nf6 8. Bf4 O-O 9. Nd2 Re8 10. Bxd6 Qxd6 11. Ng3 Bd7 12. Nf3 Re7 13.
Qc2 Rae8 14. Nf5 Bxf5 15. Bxf5 Qf4 16. Bd3 Ne4 17. Qc1 Qxc1 18. Raxc1 Nd6 19.
Rfd1 b5 20. b4 a5 21. a3 a4 22. Nd2 g6 23. Kf1 Kg7 24. Re1 Rxe1+ 25. Rxe1 Rxe1+
26. Kxe1 Nd8 27. Nf3 Ne6 28. g3 f6 29. Nh4 Nf8 30. f4 c6 31. c4 Nxc4 32. Bxc4
dxc4 33. f5 g5 34. Ng2 Nd7 35. Ne3 Nb6 36. Kf2 Kf7 37. h4 Ke7 38. hxg5 hxg5 39.
Kf3 Kd6 (39... Nd5 40. Nxd5+ cxd5 41. g4 $11) 40. Ke4 Nd5 41. Nxd5 cxd5+
1/2-1/2

[Event "Vaujany 2022 Accession"]
[Site "Vaujany"]
[Date "2022.07.15"]
[Round "2.5"]
[White "Brion Lacherest, Nathan"]
[Black "Estin Carbonnel, Lucie"]
[Result "1-0"]
[ECO "B01"]
[WhiteElo "1711"]
[BlackElo "1533"]
[Annotator "Jean-Pierre,Lees"]
[PlyCount "115"]
[EventDate "2022.07.14"]
[EventType "swiss"]
[EventCountry "FRA"]
[SourceVersionDate "2022.07.17"]
[TimeControl "240+2"]

{1024MB, Fritz8.ctg} 1. e4 d5 2. exd5 Nf6 3. Bb5+ (3. d4 Nxd5 4. Nf3 g6 5. c4
Nb6 6. Nc3 Bg7) 3... Bd7 4. Be2 Bf5 (4... Nxd5 5. d4 Bf5 6. Nf3 e6 7. O-O Be7)
5. Nf3 Nxd5 6. O-O e6 7. d4 Nc6 8. Bg5 Be7 9. Bxe7 Qxe7 10. Bd3 Bg4 11. c3 Nf4
12. Be4 f5 13. Bxc6+ bxc6 14. Nbd2 Qf6 15. Qa4 O-O 16. Kh1 Qg6 17. Ne5 Qg5 18.
Nxg4 fxg4 19. Qxc6 Rab8 20. Ne4 Qd5 21. Qxd5 exd5 22. Nc5 Rxb2 23. Nd7 Rf5 (
23... Re8 24. Ne5 Ne2 25. Nxg4 Nxc3) 24. Ne5 h5 25. f3 Nxg2 26. fxg4 Rxf1+ 27.
Rxf1 Ne3 28. Re1 Nxg4 29. Nxg4 hxg4 30. Re5 Rxa2 (30... c6 31. Re6 Rxa2 32.
Rxc6 Rc2 33. Rc7) 31. Rxd5 Ra6 32. Rc5 c6 33. Kg2 Rb6 34. Kg3 Kf7 35. Kxg4 Ke7
36. c4 Kd6 37. Rg5 Rb4 38. Rg6+ Kc7 39. Rxg7+ Kb6 40. c5+ Kb5 41. Rxa7 Rxd4+
42. Kg5 Kxc5 43. h4 Rd5+ 44. Kg6 Rd6+ 45. Kg7 Kb6 46. Rf7 c5 47. h5 c4 48. h6
Rd1 49. Rf6+ Kb5 50. h7 Rg1+ 51. Rg6 Rh1 52. Rh6 Rg1+ 53. Kf8 Rf1+ 54. Ke8 Re1+
55. Kd8 Rd1+ 56. Kc8 c3 57. h8=Q c2 58. Qb2+ 1-0

[Event "Vaujany 2022 Accession"]
[Site "Vaujany"]
[Date "2022.07.15"]
[Round "2.6"]
[White "Poizat, Gaspard"]
[Black "Laposte, Nicolas"]
[Result "0-1"]
[ECO "D00"]
[WhiteElo "1546"]
[BlackElo "1705"]
[Annotator "Jean-Pierre,Lees"]
[PlyCount "122"]
[EventDate "2022.07.14"]
[EventType "swiss"]
[EventCountry "FRA"]
[SourceVersionDate "2022.07.17"]
[TimeControl "240+2"]

{1024MB, Fritz8.ctg} 1. d4 d5 2. Bf4 Nf6 3. e3 c5 4. c3 Nc6 5. Nd2 Bf5 6. Ngf3
Qb6 7. Qb3 c4 8. Qxb6 axb6 9. Be2 b5 10. Ne5 b4 11. Nxc6 bxc3 12. bxc3 bxc6 13.
f3 e6 14. e4 Bg6 15. a4 Be7 16. O-O Kd7 17. h3 Ra7 18. Ra2 Rha8 19. Rfa1 Ne8
20. a5 Bd8 21. a6 Bc7 22. Bxc7 Nxc7 23. Kf2 Nb5 24. Nxc4 dxc4 25. Bxc4 Nxc3 26.
Rb2 Nb5 27. d5 exd5 28. exd5 Nd6 29. dxc6+ Kxc6 30. Be2 Bf5 31. f4 Kd7 32. Rd2
Ke7 33. Kg1 Be6 34. Rb1 Rd8 35. Rbd1 Rdd7 36. Rc1 Rdc7 37. Re1 g6 38. g4 Rc3
39. Kg2 Re3 40. Red1 Ne4 41. Rb2 Bc8 42. Ra1 Nc5 43. Rc1 Bxa6 44. Bxa6 Nxa6 45.
Ra2 Re6 46. Rca1 Kd7 47. Kg3 Kc7 48. Kh4 h6 49. f5 Rb6 50. Re1 Kd8 51. Rae2 Rd7
52. Re8+ Kc7 53. R1e7 Nc5 54. Rxd7+ Kxd7 55. Rh8 Ne4 56. fxg6 Rxg6 57. Kh5 Ke7
58. Ra8 Kf6 59. Ra6+ Kg7 60. Ra3 Rc6 61. Rb3 Rc3 0-1

[Event "Vaujany 2022 Accession"]
[Site "Vaujany"]
[Date "2022.07.15"]
[Round "2.3"]
[White "Lenen, Pierre"]
[Black "Feger, Rodolphe"]
[Result "1/2-1/2"]
[ECO "E92"]
[WhiteElo "1723"]
[BlackElo "1567"]
[Annotator "Jean-Pierre,Lees"]
[PlyCount "191"]
[EventDate "2022.07.14"]
[EventType "swiss"]
[EventCountry "FRA"]
[SourceVersionDate "2022.07.17"]
[TimeControl "240+2"]

{1024MB, Fritz8.ctg} {Parti jouée à la table fixe 50 (joueur malvoyant)} 1. d4
Nf6 2. c4 g6 3. Nc3 Bg7 4. e4 d6 5. Nf3 O-O 6. Be2 e5 7. d5 a5 8. Be3 Na6 9.
Nd2 b6 (9... Bd7) (9... Nc5) 10. O-O Nc5 11. a3 a4 12. Bxc5 bxc5 13. Nxa4 {
on voit ici l'intérêt du coup 9..Fd7 à la place de b6} Bh6 14. Nc3 Bd7 15. Nf3
Qe7 16. b4 c6 17. b5 cxb5 18. cxb5 Rfb8 19. a4 Qd8 20. Qc2 Bg4 21. h3 Bxf3 22.
Bxf3 Qa5 23. Rfb1 Nd7 24. Kh2 Qd8 25. Ne2 Ra5 26. Ra3 Nb6 27. Rba1 Rba8 28. g3
Qg5 29. R1a2 Qd2 30. Qxd2 Bxd2 31. Rxd2 Nc4 32. Raa2 Nxd2 33. Rxd2 Rxa4 34. Bg4
Rxe4 35. Bd7 Rb4 36. Bc6 Ra3 37. Kg2 f5 38. Nc1 Kg7 39. Na2 Rb1 40. Rc2 Kf6 41.
Nc3 Rbb3 42. b6 Rxc3 43. b7 Rcb3 44. Rc3 e4 45. b8=Q Rxb8 46. Rxa3 Ke5 47. Kf1
Kd4 48. Ke2 Rb2+ 49. Ke1 c4 50. h4 c3 51. Ra4+ Kd3 52. Ra1 e3 53. fxe3 Rh2 54.
Bb5+ Kxe3 55. Ra3 Rh1+ 56. Bf1 Rxf1+ 57. Kxf1 Kd2 58. Ra2+ c2 59. Kf2 Kd1 60.
Ra1+ c1=Q 61. Rxc1+ Kxc1 $19 62. Kf3 Kd2 63. Kf4 Kd3 64. Kg5 Ke4 65. Kh6 Kf3 (
65... f4 66. gxf4 Kxf4 67. Kxh7 g5 68. hxg5 Kxg5) 66. Kxh7 Kxg3 67. Kxg6 f4 68.
h5 f3 69. h6 f2 70. h7 f1=Q 71. h8=Q Qd3+ 72. Kg5 Qxd5+ 73.
Kg6 Qe4+ 74. Kf7 d5 (74... Qf5+ $142 {gagnait dans tout les
cas de figure} 75. Ke7 (75. Kg8 Qc8+ 76. Kg7 Qxh8+) (75. Kg7 Qe5+ 76. Kg8 Qxh8+
) (75. Ke8 Qe5+) 75... Qe5+ 76. Qxe5+ dxe5 {et gagne}) 75. Qg7+ Kf3 76. Qc3+ Qe3 77. Qc6 Qf4+ 78. Ke6 Qe4+ 79. Kd7 d4 80. Qf6+ Qf4 81. Qc6+
Ke3 82. Qc1+ Ke4 83. Qc6+ Kd3 84. Qb5+ Kd2 85. Qb2+ Ke1 86. Qb1+ Kf2 87. Qc2+
Kg3 88. Qd3+ Qe3 89. Qg6+ Kf2 90. Qf5+ Ke2 91. Qc2+ Qd2 92. Qe4+ Kd1 93. Qb1+
Ke2 94. Qe4+ Qe3 95. Qc2+ Qd2 96. Qe4+ 1/2-1/2

[Event "Vaujany 2022 Accession"]
[Site "Vaujany"]
[Date "2022.07.16"]
[Round "3.6"]
[White "Feger, Rodolphe"]
[Black "Pitaval, Lubin"]
[Result "1/2-1/2"]
[ECO "A04"]
[WhiteElo "1567"]
[BlackElo "1781"]
[Annotator "Jean-Pierre,Lees"]
[PlyCount "108"]
[EventDate "2022.07.14"]
[EventType "swiss"]
[EventCountry "FRA"]
[SourceVersionDate "2022.07.17"]
[TimeControl "240+2"]

{1024MB, Fritz8.ctg} 1. e4 c5 2. Nf3 Nc6 3. d3 g6 4. g3 Bg7 5. Bg2 Nf6 6. O-O
O-O 7. c3 e6 8. Re1 d5 9. e5 Nd7 10. Bf4 Rb8 11. c4 dxc4 12. dxc4 h6 13. h4 Qb6
14. Qc1 Rd8 15. Nc3 a6 16. Bxh6 Ndxe5 17. Nxe5 Nxe5 18. Bxg7 Ng4 19. Be5 Nxe5
20. Rxe5 Qc7 21. Re1 b5 22. Qh6 bxc4 23. Ne4 Qe7 24. Ng5 f6 25. Qxg6+ Qg7 26.
Qxg7+ Kxg7 27. Nxe6+ Bxe6 28. Rxe6 Rxb2 29. Rc6 c3 30. Rxc5 c2 31. Kh2 Rb1 32.
Rxc2 Rxa1 33. Rc7+ Kg8 34. Rc2 a5 35. Rc5 a4 (35... Rxa2 36. Bd5+ Rxd5 37. Rxd5
) 36. Ra5 Rd4 37. Bc6 Rd2 38. Bxa4 Rxf2+ 39. Kh3 Kg7 40. Bb3 Rf3 41. Ra4 Rc3
42. Rg4+ Kf8 43. Rg6 Ke7 44. Kg2 Rb1 45. h5 Rb2+ 46. Kh3 Rc5 47. Rg7+ Kd6 48.
Kg4 Rh2 49. Bf7 Rc7 50. Rh7 Rxa2 51. Bxa2 Rxh7 52. Bb1 Rg7+ 53. Kf4 Ke6 54.
Bf5+ Kd6 1/2-1/2

[Event "Vaujany 2022 Accession"]
[Site "Vaujany"]
[Date "2022.07.16"]
[Round "3.7"]
[White "Azou, Jorre"]
[Black "Roche, Yves"]
[Result "1/2-1/2"]
[ECO "B44"]
[WhiteElo "1552"]
[BlackElo "1729"]
[Annotator "Jean-Pierre,Lees"]
[PlyCount "134"]
[EventDate "2022.07.14"]
[EventType "swiss"]
[EventCountry "FRA"]
[SourceVersionDate "2022.07.17"]
[TimeControl "240+2"]

{1024MB, Fritz8.ctg} 1. e4 c5 2. Nf3 Nc6 3. d4 cxd4 4. Nxd4 e6 5. Be3 Nf6 6.
Nc3 a6 7. Nxc6 bxc6 8. e5 Ng8 9. Bc4 Qa5 10. f4 Bb4 11. O-O Bxc3 12. bxc3 Qxc3
13. Bd3 Ne7 14. Qg4 Nf5 15. Bf2 h5 16. Qg5 f6 17. Qg6+ Kf8 18. exf6 Qxf6 19.
Bxf5 Qxf5 20. Qg3 h4 21. Qa3+ Kf7 22. h3 Rb8 23. Qc3 Rb5 24. Bd4 Rg8 25. Be5 a5
26. Rad1 Rd5 27. Rxd5 cxd5 28. Qc7 a4 29. Rb1 Qe4 30. Rf1 Qc4 31. Qd6 Qc6 32.
Qxc6 dxc6 33. Rb1 Ba6 34. Rb6 Bb5 35. Rb7+ Kg6 36. Kf2 d4 37. Bxd4 Bc4 38. a3
c5 39. Bxc5 Bd5 40. Rb2 Kf5 41. Be7 Kxf4 42. Rb4+ Kf5 43. c4 Bc6 44. Bxh4 g5
45. Bg3 Rd8 46. Ke2 Ra8 47. Kf2 e5 48. Bh2 Rd8 49. Rb2 Rd3 50. g4+ Ke6 51. Re2
e4 52. Re3 Rd4 53. c5 Kd5 54. Ke2 Bb5+ 55. Ke1 Rc4 56. Bd6 Rc2 57. Kd1 Rg2 58.
Be7 Bd3 59. Bxg5 Kxc5 60. Bf6 Kd5 61. g5 Ke6 62. Re1 Rh2 63. Re3 Kf5 64. Be7
Kg6 65. Rg3 Bf1 66. Re3 Bg2 67. Ke1 Bf3 1/2-1/2

[Event "Vaujany 2022 Accession"]
[Site "Vaujany"]
[Date "2022.07.16"]
[Round "3.8"]
[White "Mercier, Pierre"]
[Black "Lenen, Pierre"]
[Result "1/2-1/2"]
[ECO "D55"]
[WhiteElo "1364"]
[BlackElo "1723"]
[Annotator "Jean-Pierre,Lees"]
[PlyCount "112"]
[EventDate "2022.07.14"]
[EventType "swiss"]
[EventCountry "FRA"]
[SourceVersionDate "2022.07.17"]
[TimeControl "240+2"]

{1024MB, Fritz8.ctg} {Table fixe N 50 (Pierre Lenen est un joueur malvoyant)} 
1. d4 Nf6 2. c4 e6 3. Nf3 Bb4+ 4. Bd2 Be7 (4... Qe7 5. g3 Nc6 6. Nc3) (4...
Bxd2+ 5. Qxd2 O-O) (4... c5 5. Bxb4 cxb4 6. g3) (4... a5 5. g3 b6 6. Bg2 Bb7 7.
O-O O-O) 5. Nc3 d5 6. Bg5 O-O 7. e3 c6 8. Bd3 dxc4 9. Bxc4 Nd5 10. Bxe7 Qxe7
11. O-O Nd7 12. Qd2 (12. Rc1 Nxc3 13. Rxc3 e5 14. Qc2 exd4 15. exd4 Nb6 16. Re1
) 12... Nxc3 13. bxc3 b6 14. Bd3 Bb7 15. Qc2 h6 16. e4 c5 17. Nd2 Rfc8 18. Qb1
cxd4 19. cxd4 Qd6 20. Qb2 Ne5 21. Be2 Rd8 22. Nb3 Ng6 23. f3 Nf4 24. Bc4 Rac8
25. Rac1 a5 26. Rfd1 a4 27. Na1 Rc7 28. Bf1 Rxc1 29. Qxc1 Rc8 30. Qd2 Qc7 31.
g3 Ng6 32. Bd3 h5 33. Nc2 h4 34. f4 hxg3 35. hxg3 Qc3 36. Qxc3 Rxc3 37. Kf2 Ne7
38. Rd2 g6 39. Ne3 Nc6 40. d5 exd5 41. Nxd5 Ra3 42. Nxb6 Nb4 43. Bb1 Ba6 44.
Nd5 Nd3+ 45. Bxd3 Bxd3 46. e5 Kf8 47. Nf6 Ke7 48. Nd5+ Ke6 49. Nb4 Be4 50. Rd6+
Ke7 51. Nc6+ Bxc6 52. Rxc6 Rxa2+ 53. Kf3 Ra1 54. Kg4 a3 55. Ra6 a2 56. Ra7+ Ke8
{nulle} 1/2-1/2

[Event "Vaujany 2022 Accession"]
[Site "Vaujany"]
[Date "2022.07.16"]
[Round "3.9"]
[White "Weisz, Jacques"]
[Black "Brochard, Patrice"]
[Result "1/2-1/2"]
[ECO "D93"]
[WhiteElo "1722"]
[BlackElo "1529"]
[Annotator "Jean-Pierre,Lees"]
[PlyCount "138"]
[EventDate "2022.07.14"]
[EventType "swiss"]
[EventCountry "FRA"]
[SourceVersionDate "2022.07.17"]
[TimeControl "240+2"]

{1024MB, Fritz8.ctg} {dans cette partie, les blancs, qui ont une finale
gagnante, laissen échapper le demi point} 1. d4 Nf6 2. c4 g6 3. Nc3 d5 4. Bf4
Bg7 5. e3 O-O 6. Nf3 c5 7. dxc5 Qa5 8. Rc1 Qb4 $6 (8... dxc4 9. Bxc4 Qxc5 10.
Bb3) 9. Qb3 (9. cxd5 Qxc5 10. Qd2) 9... Qxc5 10. cxd5 Ne4 11. Be5 Bxe5 12. Nxe5
a6 13. Nd3 Qa5 14. Qb4 Qxb4 15. Nxb4 Nd6 16. Bd3 Nd7 17. Ne4 a5 18. Nxd6 exd6
19. Nc2 Nc5 20. Be2 f5 21. f3 Re8 22. Kf2 Kf7 23. b3 Bd7 24. Rhd1 Ke7 25. Na3
Reb8 26. Nb5 Rc8 27. Nd4 Rc7 28. Rc2 Rac8 29. Rdc1 Na6 30. Bxa6 Rxc2+ 31. Rxc2
Rxc2+ 32. Nxc2 bxa6 33. Nd4 g5 34. f4 h6 35. g3 Kd8 36. Ke1 Kc7 37. a3 g4 38.
Kd2 Kd8 39. Kc3 Kc7 40. Nc2 Kd8 41. Kd4 Ke7 42. e4 fxe4 43. Kxe4 a4 44. b4 Kf6
45. Nd4 Bc8 46. b5 axb5 47. Nxb5 Bf5+ 48. Kd4 Ke7 49. Kc3 Be4 50. Kd4 Bc2 51.
Kc4 Bb3+ 52. Kd4 Bc2 53. Na7 Kd7 54. Nb5 Ke7 {3e repetition de position qui
n'a pas été remarquée par les adversaires} 55. Nc3 Bb3 56. Nb1 Kf6 57. Nd2 Ba2
58. Ne4+ Ke7 59. Nf2 h5 60. Ne4 Bb1 (60... Bb3 61. f5 Bc2 62. f6+ Kf7 63. Nxd6+
$18) 61. f5 (61. Nc3 {était gagnant car les noirs ne peuvent empécher le roi
blanc d arriver en b4} Bc2 62. Kc4 Kd7 63. Kb4 Ke7 64. Nxa4 $18) 61... Bxe4 62.
Kxe4 Kf7 63. Ke3 Ke7 64. Kd4 Kf6 65. Kc4 Kxf5 66. Kd4 Kf6 67. Ke4 Kg6 68. Ke3
Kf7 69. Ke4 Kg6 1/2-1/2

[Event "Vaujany 2022 Accession"]
[Site "Vaujany"]
[Date "2022.07.16"]
[Round "3.10"]
[White "Martin, Alix"]
[Black "Celik, Ali Alper"]
[Result "1/2-1/2"]
[ECO "B22"]
[WhiteElo "1695"]
[BlackElo "1471"]
[Annotator "Jean-Pierre,Lees"]
[PlyCount "67"]
[EventDate "2022.07.14"]
[EventType "swiss"]
[EventCountry "FRA"]
[SourceVersionDate "2022.07.17"]
[TimeControl "240+2"]

{1024MB, Fritz8.ctg} 1. e4 c5 2. Nf3 e6 3. c3 Nf6 4. e5 Nd5 5. g3 (5. d4 cxd4
6. cxd4 d6) 5... Nc6 6. Bg2 b6 7. O-O Bb7 8. d4 Nc7 9. Bg5 Be7 10. Bxe7 Qxe7
11. Nbd2 O-O 12. Ne4 cxd4 13. Nxd4 Nxd4 14. Qxd4 Bxe4 15. Bxe4 Rad8 16. Rad1
Ne8 17. Bc2 d5 18. exd6 Nxd6 19. Qd3 g6 20. h4 Nf5 21. Qe2 Qc5 22. Kg2 h5 23.
Qf3 Qc7 24. Rd3 Rxd3 25. Bxd3 Rd8 26. Rd1 Kg7 27. Bc2 Rxd1 28. Qxd1 Qc6+ 29.
Qf3 Qd6 30. Qd3 Qc6+ 31. Qe4 Qd6 32. Qd3 Qc6+ 33. Qe4 Qd6 34. Qd3 1/2-1/2